 Dungeon Crawl Stone Soup version 0.30-a0-360-g447f08457e (webtiles) character file.

Game seed: 17860261994653989376

36166 Pooter the Severer (level 13, -9/116 HPs)
             Began as a Minotaur Berserker on Nov 13, 2022.
             Was a Priest of Trog.
             Mangled by Tidum's ghost (19 damage)
             ... on level 11 of the Dungeon on Nov 14, 2022.
             The game lasted 01:22:25 (18742 turns).

Pooter the Severer (Minotaur Berserker)            Turns: 18742, Time: 01:22:26

Health: -9/116     AC: 19    Str: 25    XL:     13   Next: 51%
Magic:  12/12      EV: 10    Int:  6    God:    Trog [***...]
Gold:   47         SH:  5    Dex: 10    Spells: 12/12 levels left

rFire   . . .      SeeInvis +    a - +5 battleaxe (vamp)
rCold   . . .      Faith    .    (shield currently unavailable)
rNeg    . . .      Spirit   .    L - +4 plate armour
rPois   .          Reflect  +    (helmet restricted)
rElec   .          Harm     .    Y - scarf {+Inv}
rCorr   .          Rampage  .    J - +0 pair of gloves
Will    +++..                    X - +0 pair of boots
Stlth   ..........               I - amulet of reflection
HPRegen 1.39/turn                y - ring of willpower
MPRegen 0.13/turn                S - ring of see invisible

@: strong-willed, on berserk cooldown, regenerating, slowed, studying Dodging,
very slow
A: horns 2, retaliatory headbutt
a: Renounce Religion, Evoke Invisibility, Berserk, Trog's Hand


You were on level 11 of the Dungeon.
You worshipped Trog.
Trog was most pleased with you.
You visited 2 branches of the dungeon, and saw 13 of its levels.

You collected 1527 gold pieces.
You spent 1480 gold pieces at shops.

Inventory:

Hand Weapons
 a - a +5 vampiric battleaxe (weapon)
   (You took it off a wight on level 6 of the Dungeon)
 b - a +3 arbalest of draining
   (You took it off an orc warrior on level 2 of the Orcish Mines)
 k - a +2 morningstar of draining
   (You took it off a gargoyle on level 11 of the Dungeon)
 D - a +5 eveningstar of protection
   (You took it off Urug on level 10 of the Dungeon)
 K - a +5 halberd
   (You took it off a wight on level 6 of the Dungeon)
 U - the +6 spear of Lahath {vorpal, Fly rC- Str+4}
   (You took it off a kobold demonologist on level 11 of the Dungeon)

   It inflicts extra damage upon your enemies.
   Str:       It affects your strength (+4).
   rC:        It makes you vulnerable to cold.
   Fly:       It grants you flight.
Missiles
 j - 11 boomerangs (quivered)
 l - 7 javelins
 m - 27 poisoned darts
 C - 9 curare-tipped darts
 M - 10 silver javelins
 N - 2 throwing nets {!f}
 Q - 87 stones
Armour
 J - a +0 pair of gloves (worn)
   (You found it on level 11 of the Dungeon)
 L - a +4 plate armour (worn)
   (You took it off an orc warlord on level 1 of the Orcish Mines)
 X - a +0 pair of boots (worn)
   (You found it on level 11 of the Dungeon)
 Y - a scarf of invisibility (worn)
   (You bought it in a shop on level 2 of the Orcish Mines)
Jewellery
 e - an amulet of regeneration
   (You found it on level 1 of the Dungeon)
 y - a ring of willpower (left hand)
   (You found it on level 4 of the Dungeon)
 F - a ring of protection from fire
   (You found it on level 10 of the Dungeon)
 G - an amulet of guardian spirit
   (You found it on level 11 of the Dungeon)
 I - an amulet of reflection (around neck)
   (You found it on level 6 of the Dungeon)
 P - a ring of poison resistance
   (You found it on level 10 of the Dungeon)
 S - a ring of see invisible (right hand)
   (You acquired it on level 9 of the Dungeon)
 T - a ring of willpower
   (You took it off a vampire on level 11 of the Dungeon)
 Z - a +4 ring of protection
   (You found it on level 11 of the Dungeon)
Wands
 f - a wand of flame (18)
   (You found it on level 7 of the Dungeon)
 A - a wand of charming (4)
   (You found it on level 8 of the Dungeon)
 H - a wand of polymorph (4)
   (You took it off a centaur on level 11 of the Dungeon)
Scrolls
 d - 3 scrolls of vulnerability {!r}
 h - 5 scrolls of butterflies
 p - 3 scrolls of blinking
 r - 3 scrolls of summoning
 t - 2 scrolls of teleportation {@r4}
 u - 3 scrolls of magic mapping
 z - a scroll of poison {unknown}
 E - a scroll of noise {!r}
 O - 2 scrolls of brand weapon
 V - 2 scrolls of immolation {unknown}
Potions
 c - 2 potions of attraction {!q}
 g - 2 potions of mutation {!q}
 i - a potion of haste {@q3}
 n - 4 potions of curing {@q1}
 o - a potion of cancellation {unknown}
 q - a potion of invisibility {unknown}
 s - a potion of heal wounds {unknown}
 v - a potion of lignification {unknown}
 w - a potion of magic {unknown}
 x - 5 potions of flight
 B - 2 potions of resistance
 R - a potion of might
 W - 2 potions of ambrosia


   Skills:
 + Level 11.6 Fighting
 * Level 15.8 Axes
 * Level 13.8 Ranged Weapons
 + Level 7.2 Armour
 + Level 11.4 Dodging
 - Level 4.8 Stealth
 + Level 4.8 Evocations


You had 12 spell levels left.
You didn't know any spells.
Your spell library was empty.

Dungeon Overview and Level Annotations

Branches:
Dungeon (11/15)            Temple (0/1) D:4            Lair (0/5) D:11
    Orc (2/2) D:10            Elf (0/3) Orc:2

Altars:
Ashenzari
Gozag
Makhleb
Qazlal
Sif Muna
Vehumet
Yredelemnul
Zin
The Shining One

Shops:
D:5 [=   D:9 *   Orc:2 ?*[[?

Annotations:
D:11 1 transporter, Tidum's ghost, journeyman GrTm


Innate Abilities, Weirdness & Mutations

You have a pair of horns on your head.
You reflexively headbutt those who attack you in melee.


Message History

You slash Tidum's ghost! Your headbutt misses Tidum's ghost.
Tidum's ghost hits you! Tidum's ghost freezes you.
You slice Tidum's ghost!! You slash the neqoxec! You miss Tidum's ghost.
You headbutt Tidum's ghost! You hit the neqoxec. Tidum's ghost hits you!!
Tidum's ghost freezes you.
The neqoxec hits you but does no damage.
You completely miss Tidum's ghost. You hit the neqoxec.
You closely miss Tidum's ghost. Your headbutt misses Tidum's ghost.
You slice the neqoxec!!
You kill the neqoxec!
Trog accepts your kill. You block Tidum's ghost's attack.
You completely miss Tidum's ghost.
You are no longer berserk.
You are exhausted.
You feel yourself slow down.
Tidum's ghost hits you but does no damage.
You barely miss Tidum's ghost. Tidum's ghost hits you!!
* * * LOW HITPOINT WARNING * * *
Tidum's ghost freezes you.
* * * LOW HITPOINT WARNING * * *
You miss Tidum's ghost. Tidum's ghost barely misses you.
You furiously retaliate!
You headbutt Tidum's ghost! You barely miss Tidum's ghost.
You block Tidum's ghost's attack. Tidum's ghost hits you.
* * * LOW HITPOINT WARNING * * *
Tidum's ghost freezes you.
* * * LOW HITPOINT WARNING * * *
You slash Tidum's ghost!
Tidum's ghost lets out a mournful wail.
You block Tidum's ghost's attack.
You closely miss Tidum's ghost. Tidum's ghost barely misses you.
You furiously retaliate!
You headbutt Tidum's ghost.
Tidum's ghost hits you but does no damage.
You closely miss Tidum's ghost. Your headbutt misses Tidum's ghost.
Tidum's ghost hits you!!
* * * LOW HITPOINT WARNING * * *
Tidum's ghost freezes you.
* * * LOW HITPOINT WARNING * * *
You completely miss Tidum's ghost. Tidum's ghost barely misses you.
You completely miss Tidum's ghost.
Tidum's ghost hits you but does no damage.
You block Tidum's ghost's attack.
You barely miss Tidum's ghost. Your headbutt misses Tidum's ghost.
Tidum's ghost hits you!!
* * * LOW HITPOINT WARNING * * *
Tidum's ghost freezes you.
* * * LOW HITPOINT WARNING * * *
You completely miss Tidum's ghost. Tidum's ghost hits you!!
You die...

#### ##................. ...#
#####[....[............ ...###
##............##........ .....#
##..###©####............. ...#.#
#..##©###(.#####.#....... ...#.#
#.##......#....#.........
.....####.#....#...#...##.#......
).........#..##..#......#.#....##
......##..#...#W@©..##.W#.##.###
......##.##.#.....#.....#.#### #
#.....##.#....###=..##.##.# #
###...##.##..#3.[))....#..# ##
..##..##..###. #####..##.## ##.
......###...####.©.####..# #..
.##...####..............## #..
##....##..........####### ##.
......#............# ### #.#


You could see Tidum's ghost.

Vanquished Creatures
  2 orc warlords (Orc:1)
  Snorg (Orc:1)
  Erolcha (D:10)
  5 boulder beetles (D:11)
  2 two-headed ogres
  Erica (D:10)
  A tengu warrior (D:11)
  4 orc high priests (Orc:2)
  Urug (D:10)
  An orc knight (Orc:1)
  An oklob plant (D:11)
  4 orc sorcerers (Orc:2)
  An ugly thing (D:11)
  A cyclops (D:11)
  6 manticores (D:11)
  2 gargoyles (D:11)
  2 unseen horrors
  3 kobold demonologists
  An efreet (D:11)
  8 trolls
  2 hornets
  Prince Ribbit (D:9)
  A slime creature (shapeshifter) (D:11)
  A blink frog (shapeshifter) (D:11)
  3 shadows
  2 wraiths (D:11)
  29 yaks
  A vampire (D:11)
  4 steam dragons
  5 vampire mosquitoes (D:11)
  A neqoxec (D:11)
  2 wargs (Orc:1)
  2 water moccasins
  An acid dragon (D:11)
  5 ice beasts
  28 orc warriors
  5 ogres
  6 centaurs
  7 kobold brigands
  A phantom (D:5)
  4 bullfrogs
  A scorpion (D:4)
  A gnoll sergeant (D:11)
  A necrophage (D:7)
  10 wights
  10 killer bees
  4 howler monkeys
  2 quasits (D:11)
  9 hounds
  21 orc priests
  A gnoll bouda (D:5)
  Natasha (thrice) (D:2)
  4 iguanas
  22 orc wizards
  18 gnolls
  10 adders
  3 shadow imps
  7 white imps
  3 ufetubi (D:7)
  2 worms
  2 dart slugs
  51 orcs
  7 ball pythons
  8 endoplasms
  4 giant cockroaches
  5 goblins
  5 hobgoblins
  7 jackals
  3 quokkas
  3 bats
  2 frilled lizards (D:2)
  25 kobolds
  3 rats
416 creatures vanquished.

Vanquished Creatures (others)
  A demonic plant (D:7)
  11 plants (D:11)
12 creatures vanquished.

Grand Total: 428 creatures vanquished

Notes
Turn   | Place    | Note
-------+----------+-------------------------------------------
     0 | D:1      | Pooter the Minotaur Berserker began the quest for the Orb.
     0 | D:1      | Reached XP level 1. HP: 19/19 MP: 0/0
   181 | D:1      | Reached skill level 4 in Axes
   181 | D:1      | Reached XP level 2. HP: 14/27 MP: 1/1
   369 | D:1      | Reached skill level 1 in Stealth
   413 | D:1      | Reached XP level 3. HP: 33/33 MP: 2/2
   973 | D:2      | Noticed Natasha
   983 | D:2      | Killed Natasha
  1202 | D:2      | Reached XP level 4. HP: 37/40 MP: 3/3
  1203 | D:2      | Reached ** piety under Trog
  1204 | D:2      | Reached skill level 5 in Axes
  1293 | D:2      | Noticed Natasha
  1300 | D:2      | Killed Natasha
  1564 | D:2      | Noticed Natasha
  1571 | D:2      | Killed Natasha
  1572 | D:2      | Reached XP level 5. HP: 47/47 MP: 4/4
  1674 | D:2      | Found a faded altar of an unknown god.
  1696 | D:3      | Reached skill level 1 in Ranged Weapons
  1866 | D:3      | Found a stormy altar of Qazlal.
  1888 | D:3      | Found a burning altar of Makhleb.
  2254 | D:3      | Found a glowing silver altar of Zin.
  2531 | D:3      | Reached skill level 6 in Axes
  2547 | D:4      | Reached XP level 6. HP: 55/55 MP: 5/5
  2631 | D:4      | Reached skill level 5 in Fighting
  3491 | D:4      | Reached XP level 7. HP: 45/61 MP: 6/6
  3514 | D:4      | Found a staircase to the Ecumenical Temple.
  3989 | D:5      | Entered Level 5 of the Dungeon
  4188 | D:5      | Found Wiwemoumn's Jewellery Emporium.
  4205 | D:5      | Reached skill level 7 in Axes
  4289 | D:5      | Found Beiriam's Armour Emporium.
  4322 | D:5      | Reached *** piety under Trog
  4391 | D:5      | Reached XP level 8. HP: 64/70 MP: 7/7
  4518 | D:5      | Reached skill level 8 in Axes
  4518 | D:5      | Reached skill level 5 in Ranged Weapons
  4846 | D:6      | Found a shimmering blue altar of Sif Muna.
  5654 | D:6      | Reached skill level 9 in Axes
  5977 | D:7      | Reached XP level 9. HP: 55/78 MP: 8/8
  6596 | D:7      | Found a glowing golden altar of the Shining One.
  6822 | D:7      | Reached skill level 10 in Axes
  7164 | D:8      | Reached skill level 1 in Evocations
  7639 | D:8      | Reached **** piety under Trog
  7933 | D:8      | Found a basalt altar of Yredelemnul.
  8173 | D:9      | Identified 2 scrolls of acquirement
  8173 | D:9      | Acquired a ring of see invisible
  8175 | D:9      | Acquired a manual of Dodging
  8446 | D:9      | Reached XP level 10. HP: 84/88 MP: 9/9
  8495 | D:9      | Noticed a two-headed ogre
  8501 | D:9      | Killed a two-headed ogre
  8502 | D:9      | Reached skill level 11 in Axes
  8991 | D:9      | Found a shimmering altar of Xom.
  8996 | D:9      | Found a shimmering altar of Xom.
  8997 | D:9      | Found a shimmering altar of Xom.
  9224 | D:9      | Noticed a glowing orange brain
  9236 | D:9      | Noticed a torpor snail
  9251 | D:9      | Noticed a death drake
  9290 | D:9      | Noticed a two-headed ogre
  9328 | D:9      | Noticed Prince Ribbit
  9347 | D:9      | Killed Prince Ribbit
  9468 | D:9      | Found Pamonl Zeom's Overcharged Wands.
  9480 | D:9      | Reached skill level 5 in Dodging
 10008 | D:10     | Entered Level 10 of the Dungeon
 10008 | D:10     | Noticed Erica
 10025 | D:10     | Killed Erica
 10026 | D:10     | Reached skill level 12 in Axes
 10279 | D:10     | Reached skill level 10 in Ranged Weapons
 10334 | D:10     | Reached XP level 11. HP: 95/97 MP: 10/10
 10435 | D:10     | Noticed Urug
 10447 | D:10     | Killed Urug
 10531 | D:10     | Found a broken altar of Ashenzari.
 10671 | D:10     | Found an opulent altar of Gozag.
 10708 | D:10     | Noticed Erolcha
 10719 | D:10     | Killed Erolcha
 11288 | D:10     | Found a staircase to the Orcish Mines.
 11409 | Orc:1    | Entered Level 1 of the Orcish Mines
 11572 | Orc:2    | Entered Level 2 of the Orcish Mines
 11602 | Orc:2    | Noticed an orc warlord
 11699 | Orc:2    | Noticed an orc sorcerer
 11717 | Orc:1    | Killed an orc warlord
 11786 | Orc:1    | Reached skill level 13 in Axes
 11850 | Orc:2    | Killed an orc sorcerer
 11850 | Orc:2    | Noticed an orc sorcerer
 11858 | Orc:2    | Killed an orc sorcerer
 11953 | Orc:2    | Noticed an orc warlord
 11988 | Orc:1    | Killed an orc warlord
 12278 | Orc:2    | Reached skill level 10 in Fighting
 12349 | Orc:2    | Noticed an orc high priest
 12360 | Orc:2    | Killed an orc high priest
 12361 | Orc:2    | Reached XP level 12. HP: 106/106 MP: 11/11
 13439 | Orc:2    | Found Cosesut's Magic Scroll Shoppe.
 13455 | Orc:2    | Bought a scroll of identify for 34 gold pieces
 13455 | Orc:2    | Bought a scroll of enchant weapon for 127 gold pieces
 13455 | Orc:2    | Bought a scroll of identify for 34 gold pieces
 13457 | Orc:1    | Noticed Snorg
 13467 | Orc:1    | Killed Snorg
 13519 | Orc:1    | Reached skill level 14 in Axes
 13724 | Orc:2    | Found a staircase to the Elven Halls.
 14163 | Orc:2    | Noticed an orc high priest
 14165 | Orc:2    | Noticed an orc high priest
 14542 | Orc:2    | Noticed an orc high priest
 14551 | Orc:2    | Killed an orc high priest
 14555 | Orc:2    | Killed an orc high priest
 14556 | Orc:2    | Reached skill level 5 in Armour
 14846 | Orc:2    | Paralysed by an orc sorcerer for 5 turns
 15279 | Orc:2    | Killed an orc high priest
 16070 | Orc:2    | Found Yka Luufupuy's Armour Shop.
 16070 | Orc:2    | Found Betsieh's Magic Scroll Boutique.
 16071 | Orc:2    | Found Maraec's Antique Armour Boutique.
 16075 | Orc:2    | Found Cah Xec's Assorted Antiques.
 16079 | Orc:2    | Bought a scroll of noise for 13 gold pieces
 16079 | Orc:2    | Bought a scroll of magic mapping for 97 gold pieces
 16079 | Orc:2    | Bought a scroll of blinking for 97 gold pieces
 16079 | Orc:2    | Bought a scroll of teleportation for 39 gold pieces
 16079 | Orc:2    | Bought a scroll of blinking for 97 gold pieces
 16079 | Orc:2    | Bought a scroll of identify for 26 gold pieces
 16082 | Orc:2    | Bought a scroll of identify for 72 gold pieces
 16082 | Orc:2    | Bought a scroll of brand weapon for 342 gold pieces
 16082 | Orc:2    | Bought 2 fuming purple potions for 64 gold pieces
 16082 | Orc:2    | Bought a scroll of enchant weapon for 270 gold pieces
 16291 | D:10     | Found a radiant altar of Vehumet.
 16498 | D:11     | Noticed a boulder beetle
 16500 | D:11     | Noticed a tengu warrior
 16501 | D:11     | Noticed a boulder beetle
 16587 | D:11     | Reached skill level 10 in Dodging
 16663 | D:11     | Killed a tengu warrior
 16804 | D:11     | Killed a boulder beetle
 16860 | D:11     | Reached skill level 15 in Axes
 16941 | D:11     | Reached XP level 13. HP: 104/116 MP: 12/12
 17283 | D:11     | Noticed Tidum's ghost (journeyman GrTm)
 17291 | D:11     | Found a transporter.
 17292 | D:11     | Identified the +6 spear of Lahath {vorpal, Fly rC- Str+4}
 17644 | D:11     | Found a transporter.
 17829 | D:11     | HP: 4/116 [oklob plant/splash of acid (26)]
 18241 | Orc:2    | Bought a glowing scarf for 168 gold pieces
 18573 | D:11     | Found a staircase to the Lair.
 18742 | D:11     | Mangled by Tidum's ghost

Illustrated notes

Levels and vault maps discovered:
D:1:      matt_arrival_grand_opening, layout_basic, minmay_curled_crystal
D:2:      layout_basic, shapermc_ecumenical_altar_mp_vishouse,
          minmay_tetromino_i4, uniq_natasha
D:3:      layout_basic, mainiacjoe_overflow_catwalk, zin_statuary,
          old_standard_altar
D:4:      layout_layer_cave, minmay_temple_entry_enclosed_plants
D:5:      minmay_general_purpose_star, layout_rooms, serial_shops,
          kennysheep_mini_moat, nicolae_diamond_shop, minmay_misc_feat_hallway,
          chequers_arboretum
D:6:      layout_basic, led_sif_book
D:7:      layout_basic, kennysheep_little_box, serial_demonic, serial_demonic_a,
          serial_demonic_a, serial_demonic_d, serial_demonic_c, minmay_circle_x
D:8:      layout_loops_ring, nicolae_overflow_hidden_temple,
          grunt_decor_resistance
D:9:      layout_layer_cave, xom_shifter_show, minmay_misc_feat_room,
          nicolae_shop_overcharged_wands, uniq_prince_ribbit1
D:10:     layout_layer_cave, lemuel_round_altar, mainiacjoe_overflow_big_doors,
          orc_0_dummy, uniq_erolcha, uniq_erica, uniq_urug
D:11:     minmay_the_grid_octo_tiled_squarecenter_mashed
          [minmay_the_grid_octo_77, minmay_the_grid_octo_odd_swirl,
          minmay_the_grid_octo_clover_2, minmay_the_grid_octo_horde,
          minmay_the_grid_square_5x5_megaprize_checkered,
          minmay_the_grid_square_5x5_spiral, minmay_the_grid_square_5x5_three,
          minmay_the_grid_square_5x5_n,
          minmay_the_grid_square_5x5_checkered_statues], layout_cave_pods,
          dpeg_oklobed_lair, gammafunk_ghost_stat_death
Orc:1:    nicolae_orc_accident_2, layout_caves, uniq_snorg
Orc:2:    st_orc_mages, layout_diamond_mine, serial_shops,
          nicolae_shop_statue_plus, statue_in_the_mist_lemuel

Skill      XL: |  1  2  3  4  5  6  7  8  9 10 11 12 13 |
---------------+----------------------------------------+-----
Axes           | 4 5 6 7 9 10 12 13 15 | 15.8
Fighting       | 4 5 6 8 9 10 11 | 11.6
Stealth        | 1 2 3 4 |  4.8
Ranged Weapons | 2 3 4 6 8 10 11 13 | 13.8
Evocations     | 2 3 4 |  4.8
Dodging        | 5 8 10 11 | 11.4
Armour         | 3 6 7 |  7.2

Action                   |  1- 3 |  4- 6 |  7- 9 | 10-12 | 13-15 || total
-------------------------+-------+-------+-------+-------+-------++-------
Melee: Hand axe          |    54 |   138 |    20 |       |       ||   212
       Headbutt          |     4 |    19 |    34 |    82 |    35 ||   174
       Spear             |       |       |    32 |       |       ||    32
       Punch             |       |       |     1 |       |       ||     1
       Morningstar       |       |       |    42 |       |       ||    42
       Battleaxe         |       |       |   121 |   372 |   148 ||   641
 Fire: Sling             |       |    20 |    35 |    27 |       ||    82
       Shortbow          |       |       |    10 |     5 |       ||    15
       Arbalest          |       |       |       |   104 |    41 ||   145
Throw: Boomerang         |       |       |     8 |     8 |       ||    16
Invok: Berserk           |     1 |     2 |     9 |    20 |     4 ||    36
       Trog's Hand       |       |     2 |     4 |    26 |     4 ||    36
Evoke: Wand              |       |       |       |     4 |       ||     4
  Use: Scroll            |     2 |       |    18 |    13 |       ||    33
       Potion            |       |       |       |     2 |       ||     2
 Stab: Sleeping          |     1 |       |       |       |       ||     1
       Betrayed ally     |       |       |       |     1 |       ||     1
Armor: Animal skin       |     7 |       |       |       |       ||     7
       Chain mail        |       |    81 |    59 |       |       ||   140
       Plate armour      |       |       |    37 |   254 |    71 ||   362
Dodge: Dodged            |    27 |    64 |    90 |   169 |    76 ||   426
Block: Other             |       |       |    32 |   102 |    38 ||   172
       Reflection        |       |       |     4 |     9 |       ||    13

Table legend: (Time is in decaauts)
 A = Elapsed time spent in this place.
 B = Non-inter-level travel time spent in this place.
 C = Inter-level travel time spent in this place.
 D = Time resting spent in this place.
 E = Time spent auto-exploring this place.
 F = Levels seen in this place.
 G = Mean time per level.
                   A        B        C        D        E       F      G
               +--------+--------+--------+--------+--------+-----+--------+
         Total |  19213 |  18727 |    486 |   6849 |   8389 |  13 | 1477.9 |
       Dungeon |  14162 |  13869 |    293 |   3495 |   8080 |  11 | 1287.5 |
  Orcish Mines |   5051 |   4859 |    192 |   3354 |    309 |   2 | 2525.5 |
               +--------+--------+--------+--------+--------+-----+--------+

Top non-repeatable levels by time:
   Orc:2: 3870 daAuts
    D:11: 2264 daAuts
    D:10: 1674 daAuts
     D:9: 1665 daAuts
     D:4: 1483 daAuts
     D:7: 1434 daAuts
   Orc:1: 1181 daAuts
     D:8: 1143 daAuts
     D:6: 1120 daAuts
     D:1: 934 daAuts
     D:3: 842 daAuts
     D:5: 815 daAuts
     D:2: 782 daAuts
